 Dungeon Crawl Stone Soup version 0.29-a0-322-g68df515428 (webtiles) character file.

Game seed: 13440677616340060754

0 GigaChad the Skirmisher (level 1, -2/19 HPs)
             Began as a Draconian Chaos Knight on Apr 7, 2022.
             Was a Plaything of Xom.
             Slain by a ball python (3 damage)
             ... on level 1 of the Dungeon.
             The game lasted 00:00:07 (26 turns).

GigaChad the Skirmisher (Draconian Chaos Knight)      Turns: 26, Time: 00:00:09

Health: -2/19      AC:  4    Str: 14    XL:     1   Next: 8%
Magic:  1/1        EV:  9    Int: 12    God:    Xom [..*...]
Gold:   0          SH:  0    Dex: 10    Spells: 0/0 levels left

rFire   . . .      SeeInvis .   a - +0 falchion (chaos)
rCold   . . .      Faith    .   (no shield)
rNeg    . . .      Spirit   .   (body armour unavailable)
rPois   .          Reflect  .   (helmet restricted)
rElec   .          Harm     .   (no cloak)
rCorr   .          Rampage  .   (no gloves)
Will    .....                   (no boots)
Stlth   +.........              (no amulet)
HPRegen 0.06/turn               (no ring)
MPRegen 0.07/turn               (no ring)

@: constricted
A: AC +4, unfitting armour, cold-blooded
a: Renounce Religion


You were on level 1 of the Dungeon.
You worshipped Xom.
You were a toy of Xom.
You visited 1 branch of the dungeon, and saw 1 of its levels.

Inventory:

Hand Weapons
 a - a +0 falchion of chaos (weapon)
Miscellaneous
 b - a piece from Xom's chessboard (15/15) (quivered)


   Skills:
 + Level 3.3 Fighting
 + Level 3.0 Long Blades
 + Level 2.1 Dodging


You couldn't memorise any spells.
You didn't know any spells.
Your spell library was empty.

Dungeon Overview and Level Annotations

Branches:
Dungeon (1/15)

Altars:


Innate Abilities, Weirdness & Mutations

Your plain brown scales are hard. (AC +4)
You cannot fit into any form of body armour.
You are cold-blooded and may be slowed by cold attacks.


Message History

A ball python comes into view. x2
The ball python moves out of view.
The ball python hisses angrily.
You closely miss the kobold. The kobold barely misses you.
You barely miss the kobold.
The ball python bites you but does no damage.
The ball python barely misses you.
The kobold hits you with a +0 short sword.
The ball python closely misses you. The ball python grabs you.
The ball python constricts you.
You closely miss the kobold. The kobold hits you but does no damage.
The ball python bites you but does no damage. x2
The ball python constricts you.
You hit the kobold. You burn the kobold.
The kobold is severely wounded.
The ball python barely misses you. The ball python bites you.
The ball python constricts you.
The kobold hits you with a +0 short sword.
You closely miss the kobold.
The kobold is severely wounded.
The ball python barely misses you. The ball python constricts you.
The ball python closely misses you.
The kobold hits you with a +0 short sword.
The ball python bites you but does no damage.
The ball python constricts you.
* * * LOW HITPOINT WARNING * * *
The ball python bites you.
* * * LOW HITPOINT WARNING * * *
You barely miss the kobold.
The kobold is severely wounded.
The kobold hits you but does no damage. The ball python closely misses you.
The ball python constricts you. The ball python barely misses you.
The kobold hits you but does no damage.
You hit the kobold. You freeze the kobold.
You kill the kobold!
The ball python bites you but does no damage.
The ball python bites you.
* * * LOW HITPOINT WARNING * * *
The ball python constricts you. The ball python bites you.
You die...

### .# .. #.# ###.#.##
#. #.# ##.PP.... #.##
#.###.......P
#..###..#........P
##..##..♣.♣.......
#@...#.....♣..P.P.
#S)S#.....♣..P.....
#.....###..†..........
##._.## ##.#...P...<..
#.... ###P.........
#...#. #....P.....
....### #......P.P.
#..# #..P.......
........P...


You could see 2 ball pythons.

Vanquished Creatures
  A kobold (D:1)
  A frilled lizard (D:1)
2 creatures vanquished.

Notes
Turn   | Place    | Note
-------+----------+-------------------------------------------
     0 | D:1      | GigaChad the Draconian Chaos Knight began the quest for the
                  | Orb.
     0 | D:1      | Reached XP level 1. HP: 19/19 MP: 1/1
    14 | D:1      | Found a faded altar of an unknown god.
    26 | D:1      | Slain by a ball python

Illustrated notes

Levels and vault maps discovered:
D:1:      wander_arrival_fairy_ring, layout_basic,
          nicolae_ecumenical_snake_handling, serial_shops,
          nicolae_shop_temple_entry_statues_fountains,
          chequers_serial_rivers_micro_c

Action                   || total
-------------------------++-------
Melee: Falchion          ||     8
Armor: Skin              ||     8
Dodge: Dodged            ||     9

Table legend: (Time is in decaauts)
 A = Elapsed time spent in this place.
 B = Non-inter-level travel time spent in this place.
 C = Inter-level travel time spent in this place.
 D = Time resting spent in this place.
 E = Time spent auto-exploring this place.
 F = Levels seen in this place.
 G = Mean time per level.
                   A        B        C        D        E       F      G
               +--------+--------+--------+--------+--------+-----+--------+
         Total |     27 |     27 |      0 |      0 |      0 |   1 |   27.0 |
       Dungeon |     27 |     27 |      0 |      0 |      0 |   1 |   27.0 |
               +--------+--------+--------+--------+--------+-----+--------+

Top non-repeatable levels by time:
     D:1: 27 daAuts
